 Dungeon Crawl Stone Soup version 0.24.0-29-g8ce449bc06 (webtiles) character file.

Game seed: 8843259150997598320, levelgen mode: deterministic

18557 Johnny the Carver (level 12, -25/189 HPs)
             Began as a Troll Berserker on Nov 16, 2019.
             Was a High Priest of Trog.
             Killed from afar by Frances (65 damage)
             ... with an iron shot
             ... on level 13 of the Dungeon.
             The game lasted 00:15:32 (10612 turns).

Johnny the Carver (Troll Berserker)                Turns: 10612, Time: 00:15:33

Health: -25/189    AC: -2    Str: 37    XL:     12   Next: 28%
Magic:  6/6        EV: 10    Int:  3    God:    Trog [*****.]
Gold:   216        SH:  0    Dex:  9    Spells: 11/11 levels left

rFire    . . .     SeeInvis .   J - +7 great sword (antimagic)
rCold    . . .     Gourm    +   (shield currently unavailable)
rNeg     + . .     Faith    .   M - +0 troll leather armour
rPois    .         Spirit   .   q - +1 hat
rElec    .         Reflect  .   y - +0 cloak (curse)
rCorr    .         Harm     .   (gloves unavailable)
MR       .....                  (boots unavailable)
Stlth    ..........             G - amulet of rage
HPRegen  1.21/turn              r - ring of positive energy
MPRegen  0.10/turn              e - ring of magical power

@: berserking, corroded, very quick
A: large, unfitting armour, claws 3, fast metabolism 3, gourmand, regeneration
1, shaggy fur 1, tough skin 3
a: Berserk, Trog's Hand, Brothers in Arms, Renounce Religion, Evoke Berserk Rage


You were on level 13 of the Dungeon.
You worshipped Trog.
Trog was extremely pleased with you.
You were very full.

You visited 1 branch of the dungeon, and saw 13 of its levels.
You also visited: Sewer.

You collected 831 gold pieces.
You spent 615 gold pieces at shops.

Inventory:

Hand Weapons
 J - a +7 antimagic great sword (weapon)
Armour
 q - a +1 hat (worn)
 y - a cursed +0 cloak (worn)
 M - a +0 troll leather armour (worn)
Jewellery
 b - an uncursed ring of ice
 e - a ring of magical power (right claw)
 n - an uncursed amulet of magic regeneration
 r - a ring of positive energy (left claw)
 G - an amulet of rage (around neck)
Wands
 H - a wand of disintegration (1)
Scrolls
 f - 3 scrolls of immolation
 i - 9 scrolls of remove curse
 l - 2 scrolls of enchant armour
 m - a scroll of noise
 o - 3 scrolls of blinking
 p - 3 scrolls of teleportation
 t - 4 scrolls of fear
 w - a scroll of magic mapping
 B - 2 scrolls of fog
 C - a scroll of amnesia
 F - a scroll of acquirement {unknown}
 L - a scroll of random uselessness {unknown}
 Q - 3 scrolls of vulnerability
Potions
 g - 3 potions of haste {unknown}
 h - 5 potions of curing
 j - 6 potions of flight {unknown}
 k - 3 potions of mutation {unknown}
 s - a potion of magic {unknown}
 u - 3 potions of invisibility
 v - 7 potions of heal wounds
 z - a potion of cancellation {unknown}
 A - 2 potions of lignification {unknown}
 D - a potion of agility {unknown}
 E - a potion of ambrosia {unknown}
 K - 3 potions of brilliance {unknown}
 N - 2 potions of might
 O - a potion of resistance
Miscellaneous
 P - a phantom mirror
Comestibles
 c - 22 rations


   Skills:
 + Level 10.3 Fighting
 * Level 13.8 Long Blades
 - Level 2.4 Dodging


You had 11 spell levels left.
You didn't know any spells.
Your spell library contained the following spells:

 Spells                   Type           Power        Failure   Level  Hunger
 Beastly Appendage        Tmut           #.....       56%         1    ##.....
 Shock                    Conj/Air       #...         56%         1    ##.....
 Sting                    Conj/Pois      #...         56%         1    ##.....
 Poisonous Vapours        Pois/Air       #.....       71%         2    ###....
 Sticks to Snakes         Tmut           #.......     71%         2    ###....
 Swiftness                Chrm/Air       #.......     71%         2    ###....
 Mephitic Cloud           Conj/Pois/Air  #.......     90%         3    ####...
 Spider Form              Tmut/Pois      #.........   90%         3    ####...
 Static Discharge         Conj/Air       #.......     90%         3    ####...
 Airstrike                Air            #.........   100%        4    #####..
 Ice Form                 Ice/Tmut       #.......     100%        4    #####..
 Leda's Liquefaction      Hex/Erth       #.........   100%        4    #####..
 Olgreb's Toxic Radiance  Pois           #.......     100%        4    #####..
 Blade Hands              Tmut           #.........   100%        5    ######.
 Bolt of Magma            Conj/Fire/Erth #.........   100%        5    ######.
 Lightning Bolt           Conj/Air       #.........   100%        5    ######.
 Venom Bolt               Conj/Pois      #.........   100%        5    ######.
 Iron Shot                Conj/Erth      #.........   100%        6    #######
 Statue Form              Tmut/Erth      #........    100%        6    #######
 Shatter                  Erth           #.........   100%        9    #######


Dungeon Overview and Level Annotations

Branches:
Dungeon (13/15)            Temple (0/1) D:7            Lair (0/6) D:10
    Orc (0/2) D:12          Sewer (visited)
 Vaults: D:13-14

Altars:
Ashenzari
Dithmenos
Gozag
Hepliaklqana
Kikubaaqudgha
Okawaru
Qazlal
Ru
Sif Muna
Trog
Wu Jian
Xom
Yredelemnul
Zin

Shops:
D:4 }   D:12 !

Portals:
Trove: D:11 (give +3 storm dragon scales)

Annotations:
D:13 Frances


Innate Abilities, Weirdness & Mutations

You are too large for most types of armour.
You have claws for hands.
Your metabolism is lightning-fast.
You like to eat raw meat.
Your natural rate of healing is unusually fast.
You are covered in fur. (AC +1)
You have extremely tough skin. (AC +3)


Message History

The rust devil closely misses you.
You riposte.
You slash the rust devil!
The rust devil is heavily wounded.
Frances hits you with a +0 mace!
Unknown command.
You slice Frances!!
Frances's magic leaks into the air.
Frances is almost dead.
Frances hits you with a +0 mace!!
* * * LOW HITPOINT WARNING * * *
Unknown command.
You barely miss Frances.
Frances is almost dead.
The rust devil hits you!
* * * LOW HITPOINT WARNING * * *
The rust devil corrodes you!
Unknown command.
You barely miss Frances.
Frances is almost dead.
Frances screams a word of power!
The iron shot hits you!!!
You die...

#..................#..# .#....
+...........4......#..#####.#....
#.)................#........#....
###....####..#####+#......###....
###....####..##....#......#......
..........(........#.####.#......
...................#.####.#...รท..
...............4...#......#......
...........)..3@@..#......#......
+##....####..####..#......#......
.##....####).####..###(####......
.........[(........(.....##......
..........(...........)..##...)..
.........................##......
.........(...............##......
..##.....##..###############.....
..##.....##..# #.....


You could see Frances, a rust devil and a smoke demon.

Vanquished Creatures
  Fannar (D:12)
  2 two-headed ogres
  2 centaur warriors (D:13)
  Nergalle (D:10)
  Sonja (D:12)
  3 ugly things (D:12)
  2 cyclopes
  Psyche (D:9)
  3 centaur zombies (D:12)
  A gargoyle (D:13)
  Prince Ribbit (D:9)
  4 trolls
  Grinder (D:3)
  2 shadows
  A wraith (D:11)
  9 yaks
  2 wyverns (D:9)
  2 humans (D:9)
  A hungry ghost (D:12)
  4 vampire mosquitoes (D:12)
  Menkaure (D:7)
  A soldier ant (D:10)
  A water moccasin (D:12)
  A black bear (D:6)
  6 orc warriors
  3 sky beasts
  An ice beast (D:9)
  A necrophage (D:12)
  4 ogres
  A phantom (D:7)
  A centaur (D:13)
  2 elf zombies (D:4)
  4 big kobolds
  6 bullfrogs
  4 scorpions
  4 wights (D:8)
  4 howler monkeys
  2 crimson imps
  6 hounds
  A bullfrog zombie (D:10)
  4 bullfrog skeletons
  8 orc priests
  2 jellies
  13 orc wizards
  Natasha (twice) (D:3)
  3 iguanas
  4 centaur skeletons
  2 human skeletons (D:4)
  4 worker ants
  A killer bee zombie (D:10)
  2 hound zombies
  2 worker ant zombies
  Robin (D:3)
  20 adders
  4 shadow imps
  8 oozes
  2 worms
  4 dart slugs
  14 leopard geckos
  36 orcs
  23 giant cockroaches
  9 goblins (D:3)
  13 hobgoblins
  13 jackals
  4 quokkas
  15 ball pythons (Sewer)
  10 bats
  15 frilled lizards
  A giant cockroach zombie (D:5)
  25 kobolds
  A leopard gecko zombie (D:6)
  2 orc skeletons (D:4)
  A quokka skeleton (D:4)
  6 rats
372 creatures vanquished.

Vanquished Creatures (collateral kills)
  A hydra (D:11)
  A death yak (D:9)
  An ugly thing (D:11)
  A wyvern zombie (D:11)
4 creatures vanquished.

Vanquished Creatures (others)
  An orc wizard (D:13)
1 creature vanquished.

Grand Total: 377 creatures vanquished

Notes
Turn   | Place    | Note
-------+----------+-------------------------------------------
     0 | D:1      | Johnny the Troll Berserker began the quest for the Orb.
     0 | D:1      | Reached XP level 1. HP: 22/22 MP: 0/0
   106 | D:1      | Reached XP level 2. HP: 29/29 MP: 1/1
   358 | D:1      | Reached skill level 3 in Long Blades
   589 | D:1      | Reached ** piety under Trog
   836 | D:2      | Reached XP level 3. HP: 26/36 MP: 2/2
  1049 | D:2      | Found a hazy altar of Hepliaklqana.
  1208 | D:2      | Reached XP level 4. HP: 40/45 MP: 3/3
  1631 | D:3      | Noticed Robin
  1678 | D:3      | Killed Robin
  1713 | D:3      | Noticed a water elemental
  1725 | D:3      | Found a glowing drain.
  1750 | Sewer    | Entered a sewer
  1755 | Sewer    | Reached skill level 4 in Long Blades
  1762 | Sewer    | Reached *** piety under Trog
  1814 | Sewer    | Reached XP level 5. HP: 40/53 MP: 4/4
  2037 | Sewer    | Reached **** piety under Trog
  2150 | Sewer    | Reached XP level 6. HP: 36/62 MP: 5/5
  2334 | D:3      | Noticed Grinder
  2339 | D:3      | Found a stormy altar of Qazlal.
  2346 | D:3      | Paralysed by Grinder for 6 turns
  2362 | D:3      | Killed Grinder
  2362 | D:3      | Reached skill level 5 in Long Blades
  2368 | D:3      | Noticed an air elemental
  2381 | D:3      | Noticed a fire elemental
  2403 | D:3      | Reached XP level 7. HP: 68/70 MP: 6/6
  2696 | D:3      | Noticed Natasha
  2707 | D:3      | Killed Natasha
  2897 | D:3      | Noticed Natasha
  2903 | D:3      | Killed Natasha
  3018 | D:4      | Reached skill level 6 in Long Blades
  3027 | D:4      | Found a sand-covered staircase.
  3373 | D:4      | Found Qekucw Wedu's Gadget Boutique.
  3582 | D:5      | Entered Level 5 of the Dungeon
  3592 | D:5      | Found a hazy altar of Hepliaklqana.
  3620 | D:5      | Reached skill level 5 in Fighting
  3620 | D:5      | Reached XP level 8. HP: 64/80 MP: 7/7
  3661 | D:5      | Reached skill level 7 in Long Blades
  3853 | D:5      | Reached ***** piety under Trog
  3856 | D:5      | Found an ornate altar of the Wu Jian Council.
  3962 | D:5      | Found an ancient bone altar of Kikubaaqudgha.
  4194 | D:6      | Found a shadowy altar of Dithmenos.
  4366 | D:6      | Found a sacrificial altar of Ru.
  4443 | D:6      | Reached skill level 8 in Long Blades
  4890 | D:6      | Identified the +5 ring mail "Eguostam" {MP+9 Slay+3 SInv}
  5188 | D:7      | Found a staircase to the Ecumenical Temple.
  5363 | D:7      | Reached XP level 9. HP: 71/89 MP: 8/8
  5567 | D:7      | Noticed Menkaure
  5575 | D:7      | Killed Menkaure
  5602 | D:7      | Found a glowing silver altar of Zin.
  5602 | D:7      | Found an opulent altar of Gozag.
  5937 | D:8      | Reached skill level 9 in Long Blades
  5942 | D:8      | Found a shimmering altar of Xom.
  5942 | D:8      | Found a shimmering altar of Xom.
  5994 | D:8      | Noticed a jumping spider
  5994 | D:8      | a golden eye changed into a jumping spider
  6109 | D:8      | Received a gift from Trog
  6135 | D:8      | Found a shimmering blue altar of Sif Muna.
  6555 | D:9      | Noticed a troll
  6565 | D:9      | Killed a troll
  6594 | D:9      | Noticed Prince Ribbit
  6605 | D:9      | Killed Prince Ribbit
  6605 | D:9      | Reached skill level 10 in Long Blades
  6777 | D:9      | Reached XP level 10. HP: 37/102 MP: 9/9
  7010 | D:9      | Found a shattered altar of Ashenzari.
  7118 | D:9      | Found a bloodstained altar of Trog.
  7167 | D:9      | Found an iron altar of Okawaru.
  7186 | D:9      | Noticed Psyche
  7189 | D:9      | Paralysed by Psyche for 5 turns
  7208 | D:9      | Killed Psyche
  7525 | D:10     | Entered Level 10 of the Dungeon
  7711 | D:10     | Noticed Nergalle
  7738 | D:10     | Killed Nergalle
  7738 | D:10     | Reached skill level 11 in Long Blades
  7742 | D:10     | Got an iridescent dagger
  7759 | D:10     | Identified the +6 dagger "Lyimoer" {pierce, -Tele +Fly
                  | rPois Stlth+} (You found it on level 10 of the Dungeon)
  7795 | D:10     | Noticed a two-headed ogre
  7806 | D:10     | Killed a two-headed ogre
  8296 | D:10     | Noticed a death yak
  8297 | D:10     | Noticed a death yak
  8298 | D:10     | Found a staircase to the Lair.
  8298 | D:10     | Noticed a death yak
  8298 | D:10     | Noticed a death yak
  8329 | D:9      | Found a basalt altar of Yredelemnul.
  8337 | D:9      | Killed a death yak
  8450 | D:11     | Noticed a purple ugly thing
  8450 | D:11     | Noticed a seven-headed hydra
  8456 | D:11     | Killed a purple ugly thing
  8458 | D:11     | Killed an eight-headed hydra
  8458 | D:11     | Reached XP level 11. HP: 113/113 MP: 10/10
  8569 | D:11     | Found a portal to a secret trove of treasure.
  8730 | D:11     | Reached skill level 12 in Long Blades
  9042 | D:12     | Found Pyafu Laps's Distillery.
  9125 | D:10     | Noticed a death yak
  9192 | D:12     | Bought 2 potions of heal wounds for 150 gold pieces
  9192 | D:12     | Bought a potion of invisibility for 120 gold pieces
  9192 | D:12     | Bought a potion of might for 60 gold pieces
  9192 | D:12     | Bought a potion of might for 60 gold pieces
  9192 | D:12     | Bought a potion of resistance for 150 gold pieces
  9192 | D:12     | Bought a potion of heal wounds for 75 gold pieces
  9255 | D:12     | Noticed Sonja
  9271 | D:12     | Killed Sonja
  9335 | D:12     | Received a gift from Trog
  9389 | D:12     | Noticed a brown ugly thing
  9398 | D:12     | Killed a brown ugly thing
  9437 | D:12     | Noticed a red ugly thing
  9438 | D:12     | Noticed a green ugly thing
  9470 | D:12     | Killed a purple ugly thing
  9474 | D:12     | Killed a purple ugly thing
  9567 | D:12     | Reached skill level 13 in Long Blades
  9807 | D:12     | Found a staircase to the Orcish Mines.
  9942 | D:12     | Noticed Fannar
  9955 | D:12     | Killed Fannar
 10103 | D:13     | Reached XP level 12. HP: 124/126 MP: 6/11
 10115 | D:13     | Noticed a two-headed ogre
 10122 | D:13     | Killed a two-headed ogre
 10122 | D:13     | Reached skill level 10 in Fighting
 10211 | D:13     | Noticed a centaur warrior
 10222 | D:13     | Killed a centaur warrior
 10270 | D:13     | Noticed a centaur warrior
 10285 | D:13     | Killed a centaur warrior
 10584 | D:13     | Noticed Frances
 10612 | D:13     | Killed from afar by Frances

Levels and vault maps discovered:
D:1:      elethiomel_arrival_quiet, layout_basic
D:2:      layout_basic, lemuel_doored_altar
D:3:      layout_basic, nicolae_qazlal_style_of_elements, portal_sewer_entry_a,
          st_stairs_5, uniq_natasha, uniq_robin, uniq_grinder
D:4:      layout_cave_pools, serial_shops, shop,
          nicolae_ossuary_entry_catacombs, minivault_1
D:5:      layout_basic, kiku_gazebo_garden_becter, kennysheep_mini,
          first_ration, basic_altar
D:6:      layout_basic, nicolae_overflow_crystal_walls, old_standard_altar
D:7:      layout_gridville, grunt_temple_overflow_gold_and_silver,
          minmay_temple_entry_crystal_x, minmay_misc_feat_hallway, uniq_menkaure
D:8:      layout_cave_pools, lemuel_coloured_pillars_altar, xom_shifter_show
D:9:      layout_long_grid, okawaru_humans, cheibrodos_ashenzari_chains,
          nicolae_overflow_hidden_temple, uniq_psyche, uniq_prince_ribbit1
D:10:     layout_basic, dpeg_lair_monsters, uniq_nergalle
D:11:     layout_rooms, enter_trove_2
D:12:     layout_irregular_city, orc_0_dummy, serial_shops, nicolae_shop_stone,
          uniq_sonja, uniq_fannar
D:13:     layout_stronghold, grunt_livestock, feat_on_display, uniq_frances

Skill      XL: |  1  2  3  4  5  6  7  8  9 10 11 12 |
---------------+-------------------------------------+-----
Long Blades    | 3 4 5 6 8 10 11 13 | 13.8
Fighting       | 3 4 5 6 7 8 9 10 | 10.3
Dodging        | |  2.4

Action                   |  1- 3 |  4- 6 |  7- 9 | 10-12 || total
-------------------------+-------+-------+-------+-------++-------
Melee: Falchion          |   108 |   300 |   628 |   396 ||  1432
       Great sword       |       |       |       |   189 ||   189
Throw: Throwing net      |       |       |       |     2 ||     2
Invok: Berserk           |       |     2 |    10 |    18 ||    30
       Trog's Hand       |       |     1 |       |     2 ||     3
       Brothers in Arms  |       |       |       |     2 ||     2
Evoke: Wand              |       |       |     8 |    30 ||    38
  Use: Scroll            |       |       |    10 |     5 ||    15
 Stab: Sleeping          |       |       |     1 |       ||     1
       Paralysed         |       |       |       |    11 ||    11
       Held in net/web   |       |       |       |     1 ||     1
  Eat: Chunk             |    10 |    21 |    47 |    57 ||   135
Armor: Animal skin       |    87 |   162 |   242 |    24 ||   515
       Robe              |       |       |       |    61 ||    61
       Troll leather arm |       |       |       |   154 ||   154
Dodge: Dodged            |    97 |   210 |   271 |   271 ||   849
       Rpst.: Falchion   |    39 |    75 |    81 |    33 ||   228
       Great sword       |       |       |       |    37 ||    37
